 Dungeon Crawl Stone Soup version 0.22.1-6-g1668fe2c40 (webtiles) character file.

34 Forgol the Vexing (level 3, 0/14 HPs)
             Began as a Felid Enchanter on Jan 29, 2019.
             Slain by a worm (11 damage)
             ... on level 2 of the Dungeon.
             The game lasted 00:03:02 (2097 turns).

Forgol the Vexing (Felid Enchanter)                 Turns: 2097, Time: 00:03:02

Health: 0/14       AC:  1    Str:  4    XL:     3   Next: 14%
Magic:  6/7        EV: 18    Int: 16    God:
Gold:   5          SH:  0    Dex: 17    Spells: 5/6 levels left
                                        Lives:  0   Deaths: 0

rFire    . . .     SeeInvis +     - Unarmed
rCold    . . .     Gourm    .   (shield unavailable)
rNeg     . . .     Faith    .   (armour unavailable)
rPois    .         Spirit   .   (helmet unavailable)
rElec    .         Reflect  .   (cloak unavailable)
rCorr    .         Harm     .   (gloves unavailable)
MR       .....                  (boots unavailable)
Stlth    +++.......             (no amulet)
HPRegen  0.04/turn              (no ring)
MPRegen  0.10/turn              (no ring)

@: quick
A: very small, no armour, no weapons or thrown items, stealth, claws 1, fangs 3,
see invisible, carnivore, speed 1, shaggy fur 1, slow metabolism 1, sharp paws
a: no special abilities


You were on level 2 of the Dungeon.
You were completely stuffed.

You visited 1 branch of the dungeon, and saw 2 of its levels.

You collected 5 gold pieces.

Inventory:

Scrolls
 a - 2 scrolls of identify {unknown}
 d - 2 scrolls of remove curse {unknown}
Potions
 c - a potion of invisibility {unknown}
Comestibles
 b - a ration


   Skills:
 + Level 3.3 Dodging
 + Level 4.5 Stealth
 * Level 1.7 Unarmed Combat
 - Level 2.0 Spellcasting
 + Level 4.9 Hexes


You had 5 spell levels left.
You knew the following spells:

 Your Spells              Type           Power        Failure   Level  Hunger
a - Corona                Hex            ###....      2%          1    #......

Your spell library contained the following spells:

 Spells                   Type           Power        Failure   Level  Hunger
 Confuse                  Hex            ###.....     9%          3    ###....
 Tukima's Dance           Hex            ###.....     9%          3    ###....
 Ensorcelled Hibernation  Hex/Ice        #.....       12%         2    ###....
 Dazzling Spray           Conj/Hex       #.....       22%         3    ###....


Dungeon Overview and Level Annotations

Branches:
Dungeon (2/15)

Altars:


Innate Abilities, Weirdness & Mutations

You cannot wear armour.
You are incapable of wielding weapons or throwing items.
Your paws allow you to move quietly. (Stealth)
You have sharp claws.
You have razor-sharp teeth.
You have supernaturally acute eyesight. (SInv)
You are carnivorous and can eat meat at any time.
You cover ground quickly.
You are covered in fur. (AC +1)
You have a slow metabolism.
Your sharp claws are effective at attacking unaware monsters.


Message History

The worm is outlined in light.
An adder zombie comes into view.
The adder zombie completely misses you.
Found 5 gold pieces.
You scratch the adder zombie. Your bite misses the adder zombie.
The adder zombie is lightly damaged.
The worm closely misses you. The adder zombie closely misses you.
You scratch the adder zombie but do no damage.
Your bite misses the adder zombie.
The adder zombie is lightly damaged.
The adder zombie closely misses you.
You scratch the adder zombie.
The adder zombie is moderately damaged.
The worm misses you. The adder zombie barely misses you.
You scratch the adder zombie.
You bite the adder zombie, but do no damage.
The adder zombie is heavily damaged.
The adder zombie bites you. The worm bites you!
Ouch! That really hurt!
You die...

#$ #.
##.#######
#........#
#........#
#........#
#....Zw..#
#....@...###
#.>........+
#.........##
#.........#
#........##
#..†.##.##
##....##.#
#......#.#
#.####.#.#


You could see a worm and an adder zombie.

Vanquished Creatures
  An ooze (D:1)
  An adder zombie (D:1)
  2 dart slugs (D:1)
  A bat (D:1)
  A bat zombie (D:1)
  3 giant cockroaches (D:1)
  4 goblins (D:1)
  3 hobgoblins
  4 frilled lizards (D:1)
  2 kobolds (D:1)
  A rat (D:2)
23 creatures vanquished.

Notes
Turn   | Place    | Note
-------+----------+-------------------------------------------
     0 | D:1      | Forgol the Felid Enchanter began the quest for the Orb.
     0 | D:1      | Reached XP level 1. HP: 7/7 MP: 4/4
   672 | D:1      | Reached XP level 2. HP: 11/11 MP: 4/6
  1369 | D:1      | Reached XP level 3. HP: 10/14 MP: 5/7
  2097 | D:2      | Slain by a worm

Skill      XL: |  1 |
---------------+----+-----
Dodging        | 3 |  3.3
Stealth        | |  4.5
Unarmed Combat | |  1.7
Spellcasting   | |  2.0
Hexes          | |  4.9

Action                   || total
-------------------------++-------
Melee: Unarmed           ||    96
       Bite              ||     8
 Cast: Corona            ||    21
 Stab: Sleeping          ||     1
  Eat: Chunk             ||    10
Armor: Skin              ||     3
Dodge: Dodged            ||    84
